Workbook

Sheet 都税口座振替依頼書（ダウンロード専用）個人事業税
A1: ※この依頼書は、金融機関に持ち込まず東京都にご提出ください。 | C1: ※東京都使用欄 | P1: 郵 送 専 用 （ ダ ウ ン ロ ー ド 専 用 ） | BZ1: 東京都提出専用
P2: 都 税 口 座 振 替 依 頼 書 （ 自 動 払 込 利 用 申 込 書 ）
B3: 依頼先金融機関 御中 | BW3: 承認番号 TKD00363号
B4: ①納税者 | BO4: 申込日 | BW4: 西暦20 年 月 日 | CD4: =IF(YEAR(リスト!$G$13)=1900,"",TEXT(リスト!$G$13,"yy")) | CG4: 年 | CI4: =IF(リスト!$G$13=0,"",DBCS(MONTH(リスト!$G$13))) | CL4: 月 | CN4: =IF(リスト!$G$13=0,"",DBCS(DAY(リスト!$G$13))) | CQ4: 日
F5: 納税通知書の 住 所 | Q5: 郵便番号 | AP5: 都道府県 | BQ5: 区市町村
AC6: - | BK6: 都 | BN6: 道 | CO6: 区 | CR6: 市
BK7: 府 | BN7: 県 | CO7: 町 | CR7: 村
C8: 納 税 者 | Q8: 以下住所（町名、丁目、番、号、部屋番号、ビル名等）
F10: フリガナ
F11: 納税通知書の 氏名（名称）
F14: 電話番号 | AE14: - | AU14: -
B18: ②納税通知書番号・開始希望時期・振替(払込)方法
D19: 納 付 税 目 | V19: 課税事務所名 | AG19: 納 税 通 知 書 番 号 （右詰め） | BH19: ＣＤ | BK19: 開始希望時期 （空欄の場合は振替可能な月から） | CG19: 振替（払込）方法 （該当の数字を記入） （空欄の場合は各期ごと）
C21: 固定資産税 都市計画税 | K21: （土地・家屋） | V21: =IF(リスト!$A$26=1,"",INDEX(リスト!$A$1:$A$24,リスト!$A$26)) | AC21: 都税 事務所 | BK21: 西暦２０ | BR21: =IF(リスト!$I$13=0,"",DBCS(リスト!$I$13)) | BT21: 年 | BW21: =IF(リスト!$M$13=0,"",DBCS(リスト!$M$13)) | CC21: 月から | CG21: =IF(リスト!$S$13=0,"",DBCS(リスト!$S$12)) | CJ21: 1.各期ごと
CJ22: 2.１年分まとめて
C23: 固定資産税 | K23: （償却資産） | V23: =IF(リスト!$A$27=1,"",INDEX(リスト!$A$1:$A$24,リスト!$A$27)) | AC23: 都税 事務所 | BK23: 西暦２０ | BR23: =IF(リスト!$J$13=0,"",DBCS(リスト!$J$13)) | BT23: 年 | BW23: =IF(リスト!$N$13=0,"",DBCS(リスト!$N$13)) | CC23: 月から | CG23: =IF(リスト!$T$13=0,"",DBCS(リスト!$T$12)) | CJ23: 1.各期ごと
CJ24: 2.１年分まとめて
D25: 個 人 事 業 税 | V25: =IF(リスト!$C$14=1,"",INDEX(リスト!$D$1:$D$12,リスト!$C$14)) | Y25: =IF(リスト!$C$14=1,"",INDEX(リスト!$E$1:$E$12,リスト!$C$14)) | BK25: 西暦２０ | BR25: =IF(リスト!$K$13=0,"",DBCS(リスト!$K$13)) | BT25: 年 | BW25: =IF(リスト!$P$17=0,"",DBCS(リスト!$P$17)) | CC25: 月から | CG25: 各期ごと
D27: 上記都税を、口座振替（自動払込）により納付することとしたいので、約定を確約のうえ依頼します。 ※固定資産税は６月､９月､１２月､２月からご選択ください。
B29: ③口座名義人 （名義が法人の場合は、代表者名と役職名もご記入ください）
E30: フリガナ | CG30: 金融機関届出印
C34: 口座名義人
X38: （法人の場合） | AK38: 役職名 | BI38: 代表者名
C39: 電話番号 | AL39: - | BD39: -
C41: 上記納税者のため、私名義の預(貯)金口座から振替(払込)納付することを約定を確約のうえ同意します。
CF42: 必ず押印してください
B43: ④振替(払込)口座 （いずれか１つを選択の上、ご記入ください）
C44: 銀行等 (ゆうちょ銀行を除く) | AQ44: 銀行 | AV44: 農協 | BY44: 店 | CE44: 金融機関コード | CN44: 支店コード
AQ46: 信金 | AV46: 労金 | BY46: 支店 | CE46: 金 | CG46: 融 | CI46: 機 | CK46: 関 | CM46: ― | CO46: 記 | CQ46: 入 | CS46: 欄
AQ48: 信組 | AV48: 中金 | BY48: 出張所
I50: 預金の種類 （該当の数字を記入） | AB50: =IF(リスト!$U$13=0,"",DBCS(リスト!$U$12)) | AF50: 1.普通 2.当座 3.納税準備(組合) | BD50: 口座番号 （右詰め）
C54: ゆうちょ 銀 行 | I54: 預金の種類 | R54: 金融機関コード | AD54: 記 号 (注) | BA54: ※ | BD54: 番 号 （右詰め）
I56: 1 通常 | R56: 9 | U56: 9 | X56: 0 | AA56: 0
C58: ※欄は通帳の記号の後にハイフンと数字がある場合のみご記入ください。
C59: ご注意：ご利用いただけるのは、通常貯金口座（口座の記号が1から始まるもの）に限ります。
C60: 振替日 （払込日） | I60: 各納期の末日。ただし、固定資産税・都市計画税を１年分まとめて振り替える（払い込む）場合は第１期の納期の末日
C61: ※ | D61: 還付金が発生した場合、口座名義人が私と同一のときは、上記口座に振り込んでください。ただし、他に都税還付統一口座が設定されている場合、ゆうちょ銀行又は納税準備預金の場合を除きます。
C63: ―約 定― （ゆうちょ銀行をご指定の場合は自動払込み規定が適用されます。） 1 貴店に請求書が送付されたときは、私に通知することなく、都の指定する納付期限に請求書記載金 額を預金口座から引落しのうえ、支払ってください。この場合、預金規定又は当座勘定規定にかか わらず、貴店所定の方法で処理してください。 2 振替日において納付書記載金額が指定口座から払戻すことのできる金額（当座貸越を利用できる範 囲内の金額を含む）をこえるときは、私に通知することなく、納付書を返却してもさしつかえあ りません。 3 この契約を解約するときは、私から貴店に書面により届出ます。なお、この届出がないまま長期間 にわたり請求がない等相当の事由があるときは、とくに申出をしないかぎり、貴店はこの契約が終 了したものとして取扱ってさしつかえありません。この場合、私への通知は不要です。 4 この契約についてかりに疑義が生じても、貴店の責めによる場合を除き、貴店には迷惑をかけませ ん。 5 この預金口座振替について、領収書は請求しません。 | BI63: 読取番号１ | CQ63: （東京都使用欄） | CS63: 電算入力票
BI67: 読取番号２
BI72: 停止年月日・ 年 月 日
BI74: ＊ 不 備 返 却 事 由
BO75: 1 預貯金取引なし 6 届出印相違 2 預金種類相違 7 その他 （ ） 3 口座番号相違 4 記号相違 5 口座名義相違
C79: 銀行等使用欄 | G79: ※上記届出について承諾いたします。 | BI79: ゆうちょ銀行使用欄 | BM79: 契約種別コード | CC79: 取扱店日附印欄
BM80: 35
G81: 年 月 日
BM82: 払込先口座番号
G83: 東京都公金収納取扱店 | BM83: 00160-7-960053
G85: 住所 | AY85: 印 | BM85: 払込先加入者名
G86: 店舗名 | BM86: 東京都会計管理者
G90: 電話番号 | AB90: （ | AL90: ）
C91: ※この依頼書が、東京都主税局を経由せずに直接金融機関へ持ち込まれた場合又は依頼書の記載に不備等があった場合は、お手数ですが下記送付先にご送付下さい。
C93: 送付先 | G93: 〒101-8513 東京都千代田区内神田2-1-12 8階 東京都主税局徴収部納税推進課 電話番号 03-3252-0955 (平日9時～17時）

Sheet リスト
A2: 千代田 | C2: 千代田 | D2: 0 | E2: 1
A3: 中央 | C3: 中央 | D3: 0 | E3: 2 | G3: =TODAY() -> 46276 | I3: =YEAR(TODAY()) -> 2026 | J3: =YEAR(TODAY()) -> 2026 | K3: =YEAR(TODAY()) -> 2026 | M3: 6 | N3: 6 | P3: 1 | S3: 1.各期ごと | T3: 1.各期ごと | U3: 1.普通 | W3: 都 | X3: 区
A4: 港 | C4: 港 | D4: 0 | E4: 3 | G4: =G3+1 -> 46277 | I4: =I3+1 -> 2027 | J4: =J3+1 -> 2027 | K4: =K3+1 -> 2027 | M4: 9 | N4: 9 | P4: 2 | S4: 2.１年分まとめて | T4: 2.１年分まとめて | U4: 2.当座 | W4: 道 | X4: 市
A5: 新宿 | C5: 新宿 | D5: 0 | E5: 4 | G5: =G4+1 -> 46278 | M5: 12 | N5: 12 | P5: 3 | U5: 3.納税準備(組合) | W5: 府 | X5: 町
A6: 文京 | C6: 台東 | D6: 0 | E6: 6 | G6: =G5+1 -> 46279 | M6: 2 | N6: 2 | P6: 4 | W6: 県 | X6: 村
A7: 台東 | C7: 品川 | D7: 0 | E7: 9 | G7: =G6+1 -> 46280 | P7: 5
A8: 墨田 | C8: 渋谷 | D8: 1 | E8: 3 | G8: =G7+1 -> 46281 | P8: 6
A9: 江東 | C9: 豊島 | D9: 1 | E9: 6 | G9: =G8+1 -> 46282 | P9: 7
A10: 品川 | C10: 荒川 | D10: 1 | E10: 8 | G10: =G9+1 -> 46283 | P10: 8 | W10: 0 | X10: 0
A11: 目黒 | C11: 八王子 | D11: 2 | E11: 7 | P11: 9 | W11: =INDEX($W$3:$W$6,W10) -> #VALUE! | X11: =INDEX($X$3:$X$6,X10) -> #VALUE!
A12: 大田 | C12: 立川 | D12: 2 | E12: 9 | G12: 1 | I12: 1 | J12: 1 | K12: 1 | M12: 1 | N12: 1 | P12: 10 | S12: 3 | T12: 3 | U12: 4
A13: 世田谷 | G13: =INDEX(G2:G10,G12) -> 0 | I13: {=RIGHT(INDEX(I2:I4,I12),2)} | J13: {=RIGHT(INDEX(J2:J4,J12),2)} | K13: {=RIGHT(INDEX(K2:K4,K12),2)} | M13: =INDEX(M2:M6,M12) -> 0 | N13: =INDEX(N2:N6,N12) -> 0 | P13: 11 | S13: =INDEX(S3:S5,S12) -> 0 | T13: =INDEX(T3:T5,T12) -> 0 | U13: =INDEX(U3:U6,U12) -> 0
A14: 渋谷 | C14: 1 | P14: 12
A15: 中野 | G15: 銀行 | H15: 店 | I15: 普通
A16: 杉並 | G16: 信金 | H16: 支店 | I16: 当座 | P16: 1
A17: 豊島 | G17: 信組 | H17: 出張所 | I17: 納税 | P17: =INDEX(P2:P14,P16) -> 0
A18: 北 | G18: 農協 | J18: 0
A19: 荒川 | G19: 労金 | H19: 0 | I19: 1
A20: 板橋 | G20: 中金 | H20: =INDEX($H$15:$H$17,$H$19) -> #VALUE! | I20: =INDEX($I$15:$I$17,$I$19) -> 普通 | J20: 0
A21: 練馬
A22: 足立 | G22: 0 | Q22: 2
A23: 葛飾 | G23: =INDEX($G$15:$G$20,G22) -> #VALUE!
A24: 江戸川
I25: =ISNUMBER(リスト!I13) -> FALSE
A26: 1 | I26: =RIGHT(リスト!I13,2)
A27: 1
